 Dungeon Crawl Stone Soup version 0.30-a0-567-gf7fd966b4a (webtiles) character file.

Game seed: 5197766964760957544

441 MackTheKnife the Covert (level 7, -1/45 HPs)
             Began as an Octopode Brigand on Dec 28, 2022.
             Killed from afar by an orc wizard (8 damage)
             ... with a magic dart
             ... on level 3 of the Dungeon.
             The game lasted 00:04:06 (2203 turns).

MackTheKnife the Covert (Octopode Brigand)          Turns: 2203, Time: 00:04:06

Health: -1/45      AC:  1    Str: 11    XL:     7   Next: 2%
Magic:  7/7        EV: 13    Int: 13    God:
Gold:   141        SH:  5    Dex: 15    Spells: 4/6 levels left

rFire   . . .      SeeInvis .    a - +2 dagger {short}
rCold   . . .      Faith    .    (no shield)
rNeg    . . .      Spirit   .    (helmet restricted)
rPois   .          Reflect  +    q - amulet of reflection
rElec   .          Harm     .    (no ring)
rCorr   .          Rampage  .    (no ring)
Will    .....                    (no ring)
Stlth   ++++++                   (no ring)
HPRegen 0.27/turn                (no ring)
MPRegen 0.10/turn                (no ring)
                                 (no ring)
                                 (no ring)

@: no status effects
A: almost no armour, amphibious, 8 rings, camouflage 1, gelatinous body 1,
(nimble swimmer 1), tentacles
a: no special abilities


You were on level 3 of the Dungeon.
You visited 1 branch of the dungeon, and saw 3 of its levels.

You collected 141 gold pieces.


Innate Abilities, Weirdness & Mutations

You cannot wear most types of armour.
You are amphibious.
You can wear up to eight rings at the same time.
Your skin changes colour to match your surroundings (Stealth+).
Your rubbery body absorbs attacks. (AC +1, EV +1)
((You are camouflaged when in or above water. (Stealth+)))
You have tentacles for arms and can constrict up to eight enemies at once.


   Skills:
 - Level 2.0 Fighting
 - Level 2.0 Short Blades
 - Level 2.0 Throwing
 + Level 2.0 Dodging
 - Level 10.6 Stealth
 + Level 1.6 Unarmed Combat


You had 4 spell levels left.
You knew the following spells:

 Your Spells              Type           Power      Damage    Failure   Level
a - Wereblood             Tmut           0%         N/A       43%         2

Your spell library contained the following spells:

 Spells                   Type           Power      Damage    Failure   Level
 Sandblast                Erth           0%         2d4       30%         1
 Passwall                 Tmut/Erth      0%         N/A       43%         2
 Sublimation of Blood     Necr           0%         N/A       43%         2
 Stone Arrow              Conj/Erth      0%         3d7       67%         3
 Summon Forest            Summ/Tloc      0%         N/A       100%        5
 Eringya's Noxious Bog    Tmut/Pois      0%         N/A       100%        6
 Summon Hydra             Summ           0%         N/A       100%        7

Inventory:

Hand Weapons
 a - a +2 dagger (weapon) {short}
Missiles
 b - 12 poisoned darts {throwing}
 c - 3 curare-tipped darts (quivered) {=fthrowing}
Jewellery
 q - an amulet of reflection (around mantle)
   (You found it on level 2 of the Dungeon)
Wands
 r - a wand of polymorph (13)
   (You took it off a kobold on level 2 of the Dungeon)
Scrolls
 d - a scroll of poison {unknown}
 e - a scroll of vulnerability {unknown}
 g - 2 scrolls of identify {unknown}
 h - a scroll of enchant armour {unknown}
 j - a scroll of fog {unknown}
 k - 2 scrolls of amnesia {unknown}
 l - 2 scrolls of teleportation {unknown}
 n - a scroll of immolation {unknown}
 p - a scroll of acquirement {unknown}
Potions
 i - a potion of degeneration {unknown}
 m - a potion of berserk rage {unknown}
 o - a potion of brilliance {unknown}
 s - a potion of cancellation {unknown}

Dungeon Overview and Level Annotations

Branches:
Dungeon (3/15) Zot: 15813

Altars:

....# #.#..............
###.## #............###
#..### ##............#
#....####.............#
#.##.).##.....).......#
#.####..#.###.#.#..#..#
###.##
##.#......{)..##.#
.....# #....##.#.#..##.#
.....#
####..#.@.....#.#####.##
.....#
#....................
.....#
#..........##########
.....# ###..>.#...#
.....# ##..##...# .....#
#..###..# ###'##
#..###..# #.# #.......#
#.# #.......#


There were no monsters in sight!


Message History

a +0 flail {mace}; a +0 dagger {short}; a +0 sling An orc wizard is nearby!
There are monsters nearby!
There are monsters nearby!
The orc shouts!
The orc wizard shouts!
The orc barely misses you.
You closely miss the orc. Your grab misses the orc.
The orc wizard gestures wildly while chanting.
The orc wizard flickers and vanishes!
Deactivating autopickup; reactivate with Ctrl-A.
The orc hits you with a +0 hand axe!
The orc priest shouts! 😕 HP[-7]
You take 7 damage, and now have 32/39 hp.
You hit the orc. Your grab misses the orc. You hit the orc.
You kill the orc!
The orc priest misses you. 😕 HP[+1]
You hit the orc priest. Your grab misses the orc priest.
You block the orc priest's attack. Something hits you. 😕 HP[-2]
You take 2 damage, and now have 31/39 hp.
You closely miss the orc priest. Your grab misses the orc priest.
The orc priest invokes the aid of Beogh against you.
Beogh smites you!
* * * LOW HITPOINT WARNING * * *
Something hits you.
* * * LOW HITPOINT WARNING * * *
😨 HP[-15]
You take 15 damage, and now have 16/39 hp.
MASSIVE DAMAGE!! (PAUSE)
You hit the orc priest. Your grab misses the orc priest.
You tentacle-slap the orc priest. The orc priest barely misses you.
Something hits you.
* * * LOW HITPOINT WARNING * * *
😨 HP[-2]
You take 2 damage, and now have 14/39 hp.
You hit the orc priest.
You kill the orc priest!
You block something's attack.
Your Dodging skill increases to level 2!
You have reached level 7! 😨 HP[+3] MP[+1]
You now have 45 max hp (+6).
You regained 3 hp, and now have 17/45 hp.
Your mp is fully restored (7).
You barely miss something. Your squeeze misses something. Something hits you.
* * * LOW HITPOINT WARNING * * *
😨 HP[-1]
You take 1 damage, and now have 16/45 hp.
You closely miss something. Something hits you.
* * * LOW HITPOINT WARNING * * *
😨 HP[-4]
You take 4 damage, and now have 12/45 hp.
You miss something.
Something completely misses you. 😨 HP[+1]
You barely miss something. Something hits you.
* * * LOW HITPOINT WARNING * * *
😱 HP[-3]
You take 3 damage, and now have 10/45 hp.
You hit something but do no damage. You completely miss something.
You squeeze something. Something hits you.
* * * LOW HITPOINT WARNING * * *
😱 HP[-5]
You take 5 damage, and now have 5/45 hp.
You feel better. Something barely misses you. 😨 HP[+11]
You regained 11 hp, and now have 16/45 hp.
You miss something. Your squeeze misses something. Something hits you.
* * * LOW HITPOINT WARNING * * *
😨 HP[-4]
You take 4 damage, and now have 12/45 hp.
You hit something. Something hits you.
* * * LOW HITPOINT WARNING * * *
😱 HP[-3]
You take 3 damage, and now have 9/45 hp.
You closely miss something. Something hits you.
* * * LOW HITPOINT WARNING * * *
😱 HP[-1]
You take 1 damage, and now have 8/45 hp.
You barely miss something.
Something completely misses you. 😱 HP[+1]
You hit something. Something hits you.
* * * LOW HITPOINT WARNING * * *
😱 HP[-2]
You take 2 damage, and now have 7/45 hp.
You miss something. You squeeze something. Something hits you.
* * * LOW HITPOINT WARNING * * *
😱 HP[-4]
You take 4 damage, and now have 3/45 hp.
You feel better. Something hits you.
* * * LOW HITPOINT WARNING * * *
😱 HP[+3]
You regained 3 hp, and now have 6/45 hp.
Okay, then. 😱 HP[+1]
A magic dart appears from out of thin air!
The magic dart hits you!
You die...

Skill      XL: |  1  2  3  4  5  6 |
---------------+-------------------+-----
Stealth        | 6 7 9 10 | 10.6
Unarmed Combat | 1 |  1.6
Dodging        | 2 |  2.0
Fighting       | |  2.0
Short Blades   | |  2.0
Throwing       | |  2.0

Action                   |  1- 3 |  4- 6 |  7- 9 || total
-------------------------+-------+-------+-------++-------
Melee: Dagger            |    62 |    87 |    12 ||   161
       Constrict         |    14 |    19 |       ||    33
       Tentacles         |    10 |    20 |     2 ||    32
       Punch             |       |     1 |       ||     1
Throw: Dart              |       |     3 |       ||     3
  Use: Potion            |       |     1 |     2 ||     3
 Stab: Sleeping          |    13 |     8 |       ||    21
       Distracted        |     1 |     1 |       ||     2
Armor: Skin              |    16 |     4 |       ||    20
Dodge: Dodged            |    43 |    40 |     3 ||    86
Block: Other             |       |    17 |       ||    17
       Reflection        |       |     2 |       ||     2

Levels and vault maps discovered:
D:1:      onia_arrival_pyramid, layout_basic
D:2:      layout_rooms, uniq_sigmund
D:3:      layout_basic

Notes
Turn   | Place    | Note
-------+----------+-------------------------------------------
     0 | D:1      | MackTheKnife the Octopode Brigand began the quest for the
                  | Orb.
     0 | D:1      | Reached XP level 1. HP: 14/14 MP: 1/1
     0 | D:1      | magus.rc [v1.9.6]
   204 | D:1      | Reached XP level 2. HP: 19/19 MP: 2/2
   214 | D:1      | Reached skill level 6 in Stealth
   744 | D:1      | Reached XP level 3. HP: 24/24 MP: 3/3
   892 | D:2      | Noticed Sigmund
   898 | D:2      | Reached skill level 7 in Stealth
  1031 | D:2      | Reached XP level 4. HP: 23/29 MP: 4/4
  1130 | D:2      | You pick up a book of Blood and begin reading...
  1130 | D:2      | You add the spells Sublimation of Blood, Wereblood and
                  | Summon Hydra to your library.
  1134 | D:2      | Learned a level 2 spell: Wereblood
  1141 | D:2      | Reached skill level 8 in Stealth
  1152 | D:2      | Killed Sigmund
  1153 | D:2      | Reached skill level 9 in Stealth
  1153 | D:2      | Reached XP level 5. HP: 34/34 MP: 5/5
  1153 | D:2      | Reached XP level 6. HP: 39/39 MP: 6/6
  1450 | D:3      | Reached skill level 10 in Stealth
  1585 | D:3      | You pick up a book of Geomancy and begin reading...
  1585 | D:3      | You add the spells Sandblast, Passwall and Stone Arrow to
                  | your library.
  1873 | D:3      | HP: 6/39 [gnoll/+0 club (5)]
  1963 | D:3      | Reached skill level 1 in Unarmed Combat
  2042 | D:3      | You add the spells Summon Forest and Eringya's Noxious Bog
                  | to your library.
  2188 | D:3      | Reached skill level 2 in Dodging
  2188 | D:3      | Reached XP level 7. HP: 17/45 MP: 7/7
  2191 | D:3      | HP: 10/45 [something (3)]
  2196 | D:3      | HP: 9/45 [something (3)]
  2200 | D:3      | HP: 3/45 [something (4)]
  2203 | D:3      | Killed from afar by an orc wizard

Vanquished Creatures
  Sigmund (D:2)
  A centaur (D:3)
  An orc priest (D:3)
  An orc wizard (D:3)
  6 adders
  3 gnolls (D:3)
  2 worms (D:3)
  A dart slug (D:2)
  5 orcs (D:3)
  5 endoplasms
  4 giant cockroaches
  4 goblins
  6 hobgoblins
  3 jackals (D:2)
  3 quokkas
  7 ball pythons
  9 bats
  4 frilled lizards
  4 kobolds
  3 rats
73 creatures vanquished.

Table legend:
 A = Non-vault XP
 B = Vault XP
 C = Vault XP percentage of total XP
 D = Non-vault monster count
 E = Vault monster count
 F = Vault count percentage of total count
                 A         B        C        D         E       F
            +---------+---------+-------+---------+---------+-------
      Total |     417 |     214 |  33.9 |      72 |       1 |   1.4
            +---------+---------+-------+---------+---------+-------
        D:1 |      36 |       0 |   0.0 |      24 |       0 |   0.0
        D:2 |      88 |     214 |  70.9 |      25 |       1 |   3.8
        D:3 |     293 |       0 |   0.0 |      23 |       0 |   0.0
            +---------+---------+-------+---------+---------+-------

Illustrated notes

Table legend:
 A = Kills in this place as a percentage of kills in entire the game.
 B = Kills by you in this place as a percentage of kills by you in the entire game.
 C = Kills by friends in this place as a percentage of kills by friends in the entire game.
 D = Other kills in this place as a percentage of other kills in the entire game.
 E = Experience gained in this place as a percentage of experience gained in the entire game.
 F = Experience gained in this place divided by the number of levels of this place that you have seen.
                   A       B       C       D       E      F
               +-------+-------+-------+-------+-------+----------------------
         Total | 100.0 | 100.0 |   N/A |   N/A | 100.0 | 210.3
       Dungeon | 100.0 | 100.0 |   N/A |   N/A | 100.0 | 210.3
               +-------+-------+-------+-------+-------+----------------------

Table legend: (Time is in decaauts)
 A = Elapsed time spent in this place.
 B = Non-inter-level travel time spent in this place.
 C = Inter-level travel time spent in this place.
 D = Time resting spent in this place.
 E = Time spent auto-exploring this place.
 F = Levels seen in this place.
 G = Mean time per level.
                   A        B        C        D        E       F      G
               +--------+--------+--------+--------+--------+-----+--------+
         Total |   2186 |   2138 |     48 |    262 |   1287 |   3 |  728.7 |
       Dungeon |   2186 |   2138 |     48 |    262 |   1287 |   3 |  728.7 |
               +--------+--------+--------+--------+--------+-----+--------+

Top non-repeatable levels by time:
     D:1: 864 daAuts
     D:3: 772 daAuts
     D:2: 548 daAuts
